General information
- name: BNet
- type: Ladder team game (AT/RT)
- host: Battle.net
- saver: DeathOfAMan
map: MarketSquare
- players: 8
- length: 55:14
- speed: Fast
- version: 1.26 W3XP
- replay type: Public
» download(303 KB)
Players
team 1 (winner)
axias50 (
red | 35 APM | 738 actions | 21:06)
5 Blademaster
3 Wind Walk
2 Critical Strike
2 Tauren Chieftain
1 War Stomp
1 Endurance Aura
1 Shadow Hunter
1 Hex
» actions
| Assign group hotkey | 39 | |
| Build / train | 52 | |
| ESC pressed | 1 | |
| Enter build submenu | 15 | |
| Enter hero's abilities submenu | 8 | |
| Right click | 266 | |
| Select / deselect | 164 | |
| Select group hotkey | 131 | |
| Use ability | 62 | |
738 total
» units
» upgrades
| Shaman Training | 2 | |
| Witch Doctor Training | 1 | |
| Melee Weapons | 1 | |
| Armor | 1 | |
5 total
» buildings
| Orc Burrow | 6 | |
| Altar of Storms | 1 | |
| Barracks | 1 | |
| Voodoo Lounge | 1 | |
| Stronghold | 1 | |
| War Mill | 1 | |
| Spirit Lodge | 2 | |
| Fortress | 1 | |
| Tauren Totem | 2 | |
16 total
» build order
00:17 Orc Burrow
00:19 Altar of Storms
00:53 Barracks
01:37 Voodoo Lounge
01:57 Orc Burrow
03:32 Orc Burrow
04:53 Stronghold
05:36 War Mill
07:24 Spirit Lodge
07:25 Spirit Lodge
08:51 Orc Burrow
09:15 Fortress
11:07 Orc Burrow
12:18 Tauren Totem
12:20 Tauren Totem
15:21 Orc Burrow
» items
| Healing Salve | 4 | |
| Lesser Clarity Potion | 3 | |
| Orb of Lightning | 1 | |
| Potion of Healing | 1 | |
| Potion of Mana | 1 | |
10 total

»
peonrapist (
green | 28 APM | 593 actions | 21:16)
3 Firelord
1 Soul Burn
1 Incinerate
1 Summon Lava Spawn
2 Warden
1 Fan of Knives
1 Blink
» actions
| Basic commands | 12 | |
| Build / train | 68 | |
| Enter build submenu | 19 | |
| Enter hero's abilities submenu | 5 | |
| Remove unit from queue | 2 | |
| Right click | 169 | |
| Select / deselect | 269 | |
| Use ability | 49 | |
593 total
» units
| Wisp | 19 | |
| Huntress | 10 | |
| Druid of the Claw | 5 | |
| Glaive Thrower | 2 | |
| Dryad | 10 | |
46 total
» upgrades
| Druid of the Claw Training | 2 | |
| Strength of the Wild | 3 | |
| Reinforced Hides | 2 | |
| Mark of the Claw | 1 | |
| Well Spring | 1 | |
| Abolish Magic | 1 | |
| Ultravision | 1 | |
11 total
» buildings
| Moon Well | 10 | |
| Hunter's Hall | 1 | |
| Altar of Elders | 1 | |
| Ancient of War | 2 | |
| Tree of Ages | 1 | |
| Ancient Protector | 1 | |
| Tree of Eternity | 1 | |
| Ancient of Lore | 2 | |
| Ancient of Wonders | 1 | |
20 total
» build order
00:25 Moon Well
00:39 Hunter's Hall
01:29 Altar of Elders
02:03 Ancient of War
02:18 Moon Well
02:32 Moon Well
02:53 Ancient of War
03:29 Moon Well
04:30 Moon Well
05:00 Tree of Ages
05:29 Moon Well
05:38 Ancient Protector
07:23 Tree of Eternity
07:48 Ancient of Lore
09:03 Ancient of Lore
10:30 Moon Well
11:47 Moon Well
12:44 Moon Well
13:47 Moon Well
15:36 Ancient of Wonders
» items
BottomFeeder (
blue | 25 APM | 1369 actions | 55:14)
4 Archmage
1 Blizzard
2 Summon Water Elemental
1 Brilliance Aura
» actions
| Assign group hotkey | 5 | |
| Build / train | 56 | |
| ESC pressed | 7 | |
| Enter build submenu | 23 | |
| Enter hero's abilities submenu | 5 | |
| Remove unit from queue | 4 | |
| Right click | 782 | |
| Select / deselect | 343 | |
| Select group hotkey | 73 | |
| Use ability | 71 | |
1369 total
» units
» upgrades
» buildings
| Altar of Kings | 2 | |
| Farm | 8 | |
| Barracks | 2 | |
| Keep | 1 | |
| Lumber Mill | 3 | |
| Arcane Vault | 1 | |
| Blacksmith | 1 | |
| Arcane Sanctum | 2 | |
| Town Hall | 1 | |
21 total
» build order
00:07 Altar of Kings
00:11 Farm
00:50 Barracks
01:38 Barracks
01:47 Farm
02:32 Farm
03:20 Farm
03:41 Farm
04:11 Farm
04:20 Farm
10:25 Keep
11:25 Lumber Mill
11:27 Arcane Vault
11:30 Blacksmith
13:26 Arcane Sanctum
13:30 Arcane Sanctum
18:32 Lumber Mill
29:28 Town Hall
32:37 Altar of Kings
35:57 Farm
49:23 Lumber Mill
» items
| Boots of Speed | 3 | |
| Potion of Invisibility | 1 | |
| Staff of Teleportation | 1 | |
| Scroll of Town Portal | 3 | |
| Potion of Healing | 1 | |
| Scroll of Regeneration | 1 | |
10 total
DeathOfAMan (
pink | 125 APM | 6919 actions | 55:14)
9 Pandaren Brewmaster
3 Breath of Fire
3 Drunken Haze
1 Storm Earth and Fire
2 Drunken Brawler
» actions
| Assign group hotkey | 78 | |
| Basic commands | 150 | |
| Build / train | 352 | |
| ESC pressed | 12 | |
| Enter build submenu | 138 | |
| Enter hero's abilities submenu | 9 | |
| Give item / drop item | 15 | |
| Right click | 2262 | |
| Select / deselect | 784 | |
| Select group hotkey | 2734 | |
| Use ability | 385 | |
6919 total
» units
| Peasant | 32 | |
| Footman | 9 | |
| Dragonhawk Rider | 8 | |
| Gryphon Rider | 19 | |
68 total
» upgrades
| Masonry | 3 | |
| Swords | 3 | |
| Armor | 3 | |
| Defend | 1 | |
| Lumber Harvesting | 2 | |
| Animal War Training | 1 | |
| Storm Hammers | 1 | |
| Cloud | 1 | |
| Plating | 3 | |
| Gunpowder | 3 | |
| Backpack | 1 | |
| Long Rifles | 1 | |
| Barrage | 1 | |
| Flak Cannons | 1 | |
| Flying Machine Bombs | 1 | |
| Fragmentation Shards | 1 | |
| Flare | 1 | |
| Magic Sentry | 1 | |
| Sorceress Training | 1 | |
| Priest Training | 1 | |
| Control Magic | 1 | |
32 total
» buildings
| Altar of Kings | 1 | |
| Barracks | 1 | |
| Farm | 14 | |
| Arcane Vault | 1 | |
| Town Hall | 6 | |
| Lumber Mill | 1 | |
| Blacksmith | 1 | |
| Scout Tower | 86 | |
| Guard Tower | 136 | |
| Arcane Tower | 9 | |
| Keep | 5 | |
| Castle | 6 | |
| Gryphon Aviary | 7 | |
| Workshop | 5 | |
| Arcane Sanctum | 1 | |
280 total
» build order
00:10 Altar of Kings
00:12 Barracks
00:22 Farm
00:56 Farm
01:50 Farm
02:29 Arcane Vault
03:40 Town Hall
04:30 Farm
04:50 Lumber Mill
05:24 Blacksmith
05:27 Scout Tower
05:32 Scout Tower
05:33 Scout Tower
05:34 Scout Tower
06:05 Guard Tower
06:06 Guard Tower
06:07 Scout Tower
06:10 Scout Tower
06:22 Arcane Tower
06:23 Arcane Tower
07:23 Keep
07:23 Keep
07:23 Keep
08:00 Guard Tower
08:00 Guard Tower
08:01 Guard Tower
08:01 Guard Tower
08:03 Scout Tower
08:35 Arcane Tower
08:35 Arcane Tower
09:24 Scout Tower
09:36 Scout Tower
09:58 Castle
09:58 Castle
10:16 Town Hall
10:19 Scout Tower
10:20 Scout Tower
10:21 Scout Tower
10:23 Scout Tower
11:07 Guard Tower
11:08 Guard Tower
11:09 Guard Tower
11:09 Guard Tower
11:10 Guard Tower
11:27 Guard Tower
11:28 Guard Tower
11:28 Guard Tower
11:28 Guard Tower
11:28 Guard Tower
11:31 Scout Tower
11:34 Scout Tower
11:55 Scout Tower
11:57 Scout Tower
12:00 Guard Tower
12:01 Guard Tower
12:09 Guard Tower
12:20 Guard Tower
12:20 Guard Tower
12:20 Guard Tower
12:43 Guard Tower
12:43 Guard Tower
12:46 Scout Tower
13:04 Scout Tower
13:44 Guard Tower
13:45 Arcane Tower
13:45 Arcane Tower
14:17 Gryphon Aviary
14:54 Scout Tower
14:56 Scout Tower
14:57 Scout Tower
14:59 Scout Tower
15:25 Guard Tower
15:26 Guard Tower
15:26 Guard Tower
15:28 Scout Tower
15:29 Scout Tower
15:31 Guard Tower
15:31 Guard Tower
15:31 Guard Tower
15:33 Scout Tower
15:34 Scout Tower
15:36 Scout Tower
15:41 Scout Tower
15:55 Guard Tower
15:55 Guard Tower
16:02 Guard Tower
16:02 Guard Tower
16:23 Guard Tower
16:23 Guard Tower
16:27 Gryphon Aviary
16:28 Gryphon Aviary
16:30 Gryphon Aviary
16:31 Gryphon Aviary
16:31 Gryphon Aviary
16:34 Farm
16:40 Gryphon Aviary
16:45 Farm
16:48 Farm
16:51 Guard Tower
16:51 Guard Tower
16:52 Guard Tower
18:54 Farm
18:54 Farm
19:35 Farm
19:36 Farm
21:49 Scout Tower
21:50 Scout Tower
21:51 Scout Tower
21:52 Scout Tower
21:53 Scout Tower
21:54 Scout Tower
21:54 Scout Tower
21:55 Scout Tower
22:14 Keep
22:18 Scout Tower
22:18 Scout Tower
22:19 Scout Tower
22:19 Scout Tower
22:20 Scout Tower
22:21 Scout Tower
22:22 Scout Tower
22:29 Guard Tower
22:29 Guard Tower
22:48 Guard Tower
22:48 Guard Tower
22:48 Guard Tower
22:51 Guard Tower
24:41 Guard Tower
24:41 Guard Tower
24:41 Castle
24:41 Castle
28:25 Town Hall
28:28 Scout Tower
28:30 Scout Tower
28:31 Scout Tower
28:33 Scout Tower
28:34 Scout Tower
28:36 Scout Tower
28:37 Scout Tower
29:02 Guard Tower
29:03 Guard Tower
29:03 Guard Tower
29:04 Scout Tower
29:06 Scout Tower
29:09 Scout Tower
29:11 Scout Tower
29:13 Scout Tower
29:15 Scout Tower
29:17 Scout Tower
29:19 Scout Tower
29:20 Scout Tower
29:23 Scout Tower
29:24 Guard Tower
29:24 Guard Tower
29:25 Guard Tower
29:30 Guard Tower
29:30 Guard Tower
29:30 Guard Tower
29:31 Guard Tower
29:31 Guard Tower
30:17 Guard Tower
30:17 Guard Tower
30:48 Guard Tower
30:48 Guard Tower
30:50 Guard Tower
30:50 Guard Tower
35:06 Town Hall
35:08 Scout Tower
35:09 Scout Tower
35:09 Scout Tower
35:10 Scout Tower
35:57 Guard Tower
35:57 Guard Tower
35:57 Guard Tower
35:58 Guard Tower
36:13 Guard Tower
36:13 Guard Tower
36:55 Guard Tower
36:55 Guard Tower
38:01 Scout Tower
38:03 Scout Tower
38:05 Scout Tower
38:07 Scout Tower
39:04 Guard Tower
39:04 Guard Tower
39:05 Guard Tower
40:27 Farm
40:27 Farm
40:29 Farm
40:31 Scout Tower
40:31 Scout Tower
40:32 Scout Tower
41:03 Guard Tower
41:03 Guard Tower
41:03 Guard Tower
42:26 Scout Tower
42:27 Scout Tower
42:28 Scout Tower
42:30 Scout Tower
47:31 Scout Tower
47:33 Scout Tower
47:34 Scout Tower
47:35 Scout Tower
47:38 Scout Tower
47:42 Scout Tower
47:44 Scout Tower
47:45 Scout Tower
48:01 Scout Tower
48:03 Guard Tower
48:03 Guard Tower
48:05 Scout Tower
48:05 Guard Tower
48:06 Guard Tower
48:13 Guard Tower
48:24 Guard Tower
48:24 Guard Tower
48:24 Guard Tower
48:26 Town Hall
48:28 Town Hall
48:30 Guard Tower
48:30 Guard Tower
48:42 Guard Tower
48:42 Guard Tower
48:42 Guard Tower
52:36 Workshop
52:37 Workshop
52:39 Workshop
52:41 Workshop
52:44 Workshop
53:12 Arcane Sanctum
» items
| Scroll of Regeneration | 24 | |
| Mechanical Critter | 1 | |
| Boots of Speed | 3 | |
| Staff of Teleportation | 1 | |
| Lesser Clarity Potion | 12 | |
| Scroll of Town Portal | 11 | |
| Potion of Healing | 5 | |
| Orb of Fire | 1 | |
| Potion of Invisibility | 3 | |
61 total
team 2 (loser)

»
420leaffan (
purple | 57 APM | 2753 actions | 48:07)
7 Death Knight
3 Death Coil
1 Death Pact
2 Unholy Aura
1 Animate Dead
» actions
| Assign group hotkey | 41 | |
| Basic commands | 174 | |
| Build / train | 68 | |
| Enter build submenu | 15 | |
| Enter hero's abilities submenu | 7 | |
| Right click | 1368 | |
| Select / deselect | 257 | |
| Select group hotkey | 746 | |
| Use ability | 77 | |
2753 total
» units
| Acolyte | 2 | |
| Ghoul | 4 | |
| Crypt Fiend | 19 | |
| Necromancer | 10 | |
| Obsidian Statue | 4 | |
| Meatwagon | 3 | |
42 total
» upgrades
| Creature Attack | 3 | |
| Creature Carapace | 3 | |
| Web | 1 | |
| Skeletal Longevity | 1 | |
| Destroyer Form | 1 | |
| Skeletal Mastery | 1 | |
| Exhume Corpses | 1 | |
11 total
» buildings
| Altar of Darkness | 1 | |
| Ziggurat | 7 | |
| Crypt | 1 | |
| Graveyard | 1 | |
| Tomb of Relics | 1 | |
| Halls of the Dead | 1 | |
| Temple of the Damned | 1 | |
| Slaughterhouse | 1 | |
| Black Citadel | 1 | |
| Spirit Tower | 2 | |
17 total
» build order
00:09 Altar of Darkness
00:17 Ziggurat
00:30 Crypt
00:58 Ziggurat
01:23 Graveyard
01:49 Tomb of Relics
03:09 Ziggurat
04:19 Halls of the Dead
06:04 Ziggurat
08:08 Temple of the Damned
08:22 Slaughterhouse
10:03 Ziggurat
11:52 Black Citadel
12:53 Ziggurat
17:59 Spirit Tower
18:48 Spirit Tower
20:35 Ziggurat
» items
| Healing Salve | 1 | |
| Lesser Clarity Potion | 1 | |
| Scroll of Town Portal | 1 | |
3 total
lancelot17 (
orange | 44 APM | 2187 actions | 50:12)
7 Demon Hunter
1 Immolation
3 Mana Burn
2 Evasion
1 Metamorphosis
7 Pandaren Brewmaster
3 Breath of Fire
2 Drunken Haze
2 Storm Earth and Fire
5 Dark Ranger
3 Silence
1 Black Arrow
1 Life Drain
» actions
| Assign group hotkey | 40 | |
| Basic commands | 2 | |
| Build / train | 147 | |
| Enter build submenu | 32 | |
| Enter hero's abilities submenu | 19 | |
| Give item / drop item | 6 | |
| Remove unit from queue | 7 | |
| Right click | 1095 | |
| Select / deselect | 463 | |
| Select group hotkey | 205 | |
| Use ability | 171 | |
2187 total
» units
| Wisp | 62 | |
| Archer | 7 | |
| Huntress | 3 | |
| Druid of the Talon | 6 | |
| Dryad | 6 | |
| Druid of the Claw | 3 | |
| Hippogryph | 7 | |
94 total
» upgrades
| Abolish Magic | 1 | |
| Reinforced Hides | 2 | |
| Strength of the Wild | 2 | |
| Druid of the Claw Training | 2 | |
| Druid of the Talon Training | 1 | |
| Mark of the Claw | 1 | |
| Strength of the Moon | 0 | |
9 total
» buildings
| Altar of Elders | 1 | |
| Moon Well | 12 | |
| Ancient of War | 2 | |
| Ancient of Wonders | 3 | |
| Hunter's Hall | 1 | |
| Tree of Ages | 1 | |
| Ancient Protector | 4 | |
| Tree of Life | 3 | |
| Ancient of Wind | 2 | |
| Ancient of Lore | 2 | |
| Tree of Eternity | 1 | |
32 total
» build order
00:15 Altar of Elders
00:24 Moon Well
00:39 Ancient of War
01:37 Moon Well
01:52 Ancient of Wonders
02:42 Moon Well
03:21 Hunter's Hall
04:05 Tree of Ages
04:19 Moon Well
05:24 Moon Well
06:16 Ancient of War
06:45 Ancient Protector
06:47 Ancient Protector
07:03 Ancient Protector
10:55 Tree of Life
11:03 Ancient of Wind
11:42 Ancient of Lore
12:31 Moon Well
15:12 Ancient Protector
16:02 Moon Well
16:07 Moon Well
16:49 Moon Well
17:32 Tree of Eternity
17:55 Ancient of Wonders
18:30 Ancient of Wonders
19:35 Ancient of Lore
19:45 Moon Well
19:48 Moon Well
22:05 Moon Well
25:48 Ancient of Wind
29:15 Tree of Life
29:22 Tree of Life
» items
| Scroll of Town Portal | 4 | |
| Boots of Speed | 2 | |
| Scroll of Healing | 2 | |
| Scroll of Protection | 1 | |
| Potion of Lesser Invulnerability | 1 | |
| Periapt of Vitality | 1 | |
| Potion of Healing | 2 | |
| Orb of Venom | 1 | |
14 total

»
str8fuknuhoesup (
yellow | 47 APM | 1196 actions | 25:26)
6 Blademaster
3 Wind Walk
1 Mirror Image
1 Critical Strike
1 Bladestorm
» actions
| Assign group hotkey | 17 | |
| Basic commands | 2 | |
| Build / train | 66 | |
| Enter build submenu | 33 | |
| Enter hero's abilities submenu | 6 | |
| Right click | 498 | |
| Select / deselect | 194 | |
| Select group hotkey | 318 | |
| Use ability | 62 | |
1196 total
» units
| Peon | 24 | |
| Grunt | 2 | |
| Troll Headhunter/Berserker | 1 | |
| Raider | 10 | |
| Wind Rider | 3 | |
40 total
» upgrades
| Armor | 3 | |
| Pillage | 1 | |
| Ensnare | 1 | |
| Melee Weapons | 3 | |
| Spiked Barricades | 1 | |
| Envenomed Spears | 1 | |
| Ranged Weapons | 1 | |
11 total
» buildings
| Altar of Storms | 1 | |
| Orc Burrow | 8 | |
| Voodoo Lounge | 1 | |
| War Mill | 1 | |
| Barracks | 1 | |
| Stronghold | 1 | |
| Great Hall | 1 | |
| Watch Tower | 14 | |
| Beastiary | 3 | |
| Fortress | 1 | |
32 total
» build order
00:12 Altar of Storms
00:18 Orc Burrow
00:33 Voodoo Lounge
01:30 War Mill
01:41 Barracks
02:35 Orc Burrow
03:25 Stronghold
03:35 Orc Burrow
05:31 Great Hall
05:36 Watch Tower
05:49 Watch Tower
05:55 Beastiary
06:01 Beastiary
07:08 Watch Tower
07:15 Watch Tower
07:29 Beastiary
08:06 Orc Burrow
08:18 Orc Burrow
10:21 Orc Burrow
11:41 Orc Burrow
12:20 Orc Burrow
13:06 Watch Tower
13:34 Watch Tower
14:45 Watch Tower
14:49 Watch Tower
15:34 Fortress
15:41 Watch Tower
19:00 Watch Tower
20:09 Watch Tower
20:32 Watch Tower
20:47 Watch Tower
21:22 Watch Tower
» items
| Healing Salve | 2 | |
| Scroll of Speed | 2 | |
| Orb of Lightning | 1 | |
| Scroll of Town Portal | 1 | |
6 total
RisusSardonicus (
teal | 31 APM | 1726 actions | 55:13)
7 Archmage
3 Summon Water Elemental
3 Brilliance Aura
1 Mass Teleport
» actions
| Assign group hotkey | 71 | |
| Basic commands | 188 | |
| Build / train | 67 | |
| Enter build submenu | 53 | |
| Enter hero's abilities submenu | 7 | |
| Give item / drop item | 4 | |
| Right click | 682 | |
| Select / deselect | 364 | |
| Select group hotkey | 164 | |
| Use ability | 125 | |
1726 total
» units
| Peasant | 12 | |
| Footman | 6 | |
| Gryphon Rider | 6 | |
24 total
» upgrades
| Lumber Harvesting | 2 | |
| Masonry | 2 | |
| Storm Hammers | 1 | |
| Swords | 3 | |
| Armor | 3 | |
| Animal War Training | 1 | |
| Magic Sentry | 1 | |
13 total
» buildings
| Altar of Kings | 1 | |
| Barracks | 1 | |
| Farm | 12 | |
| Scout Tower | 24 | |
| Arcane Tower | 2 | |
| Arcane Vault | 1 | |
| Keep | 1 | |
| Lumber Mill | 2 | |
| Town Hall | 5 | |
| Castle | 1 | |
| Guard Tower | 8 | |
| Gryphon Aviary | 6 | |
| Blacksmith | 2 | |
| Arcane Sanctum | 1 | |
67 total
» build order
01:00 Altar of Kings
01:02 Barracks
01:06 Farm
01:08 Farm
01:10 Farm
02:02 Scout Tower
02:17 Farm
02:37 Arcane Tower
03:40 Arcane Vault
03:43 Keep
05:09 Lumber Mill
05:52 Scout Tower
05:53 Scout Tower
06:03 Town Hall
06:06 Scout Tower
06:06 Scout Tower
06:07 Scout Tower
06:07 Scout Tower
06:08 Scout Tower
06:09 Scout Tower
06:09 Scout Tower
06:12 Scout Tower
06:49 Castle
06:52 Guard Tower
08:45 Gryphon Aviary
08:45 Gryphon Aviary
08:46 Gryphon Aviary
08:46 Gryphon Aviary
09:22 Guard Tower
09:29 Guard Tower
09:30 Guard Tower
10:34 Farm
12:26 Blacksmith
12:28 Blacksmith
16:51 Lumber Mill
18:10 Guard Tower
20:00 Town Hall
20:09 Scout Tower
20:14 Arcane Sanctum
21:07 Gryphon Aviary
21:13 Gryphon Aviary
21:54 Arcane Tower
22:06 Farm
22:07 Farm
22:07 Farm
22:14 Farm
22:17 Farm
22:20 Farm
22:20 Farm
23:12 Scout Tower
23:13 Scout Tower
23:14 Scout Tower
23:17 Scout Tower
23:20 Scout Tower
24:27 Guard Tower
35:06 Town Hall
35:20 Scout Tower
35:20 Scout Tower
35:20 Scout Tower
35:21 Scout Tower
35:24 Scout Tower
35:40 Scout Tower
35:42 Scout Tower
36:13 Guard Tower
36:38 Guard Tower
36:46 Town Hall
36:50 Town Hall
» items
| Scroll of Regeneration | 3 | |
| Scroll of Town Portal | 2 | |
| Periapt of Vitality | 1 | |
| Potion of Lesser Invulnerability | 1 | |
| Potion of Healing | 2 | |
| Healing Salve | 1 | |
10 total
Chat log
(00:14 / Allies) peonrapist: rush?
(00:17 / All) DeathOfAMan: sec
(00:26 / All) DeathOfAMan: volume was loud, just reinstalled
(00:28 / Allies) peonrapist: well?
(00:28 / All) RisusSardonicus: I'll afford you TWO seconds
(00:30 / Allies) peonrapist: ok
(00:31 / All) DeathOfAMan: lol
(00:35 / All) DeathOfAMan: this makes my face have risus sardonicus
(00:40 / All) RisusSardonicus: Or not
(00:40 / All) peonrapist: dude
(00:41 / All) BottomFeeder: ;lol red
(00:48 / All) DeathOfAMan: I need to save all of my pauses for shit talking later
(00:51 / All) RisusSardonicus: Let him have his minute brother
(00:58 / Allies) peonrapist: so we rushing?
(01:05 / Allies) BottomFeeder: yes i am double raxing
(01:09 / Allies) axias50: ok
(01:09 / Allies) peonrapist: same
(01:19 / Allies) DeathOfAMan: rushing is for faggots I will fast expo
(01:20 / Allies) BottomFeeder: aoe heros good on this map
(01:23 / Allies) BottomFeeder: like am and such
(01:29 / Allies) BottomFeeder: or tavern hero with fire rain
(01:43 / Allies) axias50: we cant rush
(01:44 / Allies) axias50: without pink
(01:54 / All) axias50: whats happening
(02:03 / All) BottomFeeder: yellow i need to shit please...
(02:06 / All) DeathOfAMan: meant to unpause
(02:09 / All) RisusSardonicus: me too
(02:12 / All) axias50: what is happening
(02:17 / All) lancelot17: lolllllll
(02:20 / All) BottomFeeder: the ether is leaking out
(02:23 / All) peonrapist: god damnite
(02:36 / All) 420leaffan: look at what yall started
(02:51 / All) BottomFeeder: im out of pauses... gotta shit anyways
(02:53 / All) DeathOfAMan: I just wanted to adjust my volume bro
(03:02 / All) 420leaffan: just let it out
(03:15 / Allies) BottomFeeder: they see double raxes, we must commit big time
(04:16 / Allies) BottomFeeder: we almost rdy?
(04:19 / Allies) axias50: im ready
(04:22 / Allies) peonrapist: meet by me
(04:27 / Allies) BottomFeeder: k
(04:30 / Allies) axias50: u so farrrrrrr
(04:31 / Allies) axias50: lol
(04:44 / Allies) BottomFeeder: keep working pink
(04:45 / Allies) peonrapist: come
(04:47 / Allies) BottomFeeder: i wood u
(04:54 / Allies) DeathOfAMan: ty
(05:02 / Allies) BottomFeeder: moree wellls green so u can keep sending
(05:05 / Allies) peonrapist: come pink
(05:17 / Allies) BottomFeeder: make more wells green and keep sending
(05:39 / Allies) peonrapist: ty
(05:42 / Allies) BottomFeeder: red come on brah
(05:48 / Allies) BottomFeeder: wait pink
(05:49 / Allies) BottomFeeder: shit
(05:53 / Allies) BottomFeeder: they can see u
(06:00 / Allies) BottomFeeder: fuck go
(06:03 / Allies) DeathOfAMan: I wanted items
(06:20 / Allies) axias50: go inside
(06:59 / Allies) BottomFeeder: send more green
(07:38 / Allies) axias50: gj
(07:46 / Allies) BottomFeeder: pause the gamn someone, for fun
(07:48 / Allies) axias50: main
(07:49 / Allies) axias50: asap
(07:52 / Allies) BottomFeeder: lol
(08:22 / Allies) BottomFeeder: kill main
(08:28 / Allies) peonrapist: gold?
(08:39 / Allies) DeathOfAMan: saving up bro can't spare any
(08:44 / Allies) peonrapist: its cool
(08:46 / Allies) peonrapist: ty blue
(09:10 / Allies) BottomFeeder: damn we didnt even get the main
(09:13 / Allies) peonrapist: ill go back
(09:37 / Allies) BottomFeeder: red is pro'ing up his bm
(10:36 / Allies) axias50: they mid
(10:56 / Allies) axias50: b pink
(11:03 / Allies) BottomFeeder: shit purple has necs i will make priests as fast as can
(11:10 / Allies) BottomFeeder: green hit here now
(11:13 / Allies) DeathOfAMan: had no tp expected you to help nigger
(11:15 / Allies) BottomFeeder: while theyy in mid
(11:31 / Allies) axias50: omg
(11:34 / All) RisusSardonicus: worth the agil?
(11:42 / Allies) BottomFeeder: u get some agil?
(11:55 / Allies) axias50: no i noobed up cuz im drunk
(11:56 / Allies) axias50: lol
(12:18 / Allies) BottomFeeder: he
(12:20 / Allies) peonrapist: wood?
(12:31 / Allies) peonrapist: ty
(13:13 / Allies) BottomFeeder: lol nice pink
(13:47 / Allies) axias50: elp
(13:50 / Allies) BottomFeeder: pink i messed up one of ur miners...
(13:56 / Allies) BottomFeeder: SHIT
(13:58 / Allies) axias50: im getting fucking raped
(14:02 / Allies) DeathOfAMan: I think you messed your hero up more
(14:04 / Allies) BottomFeeder: tp all
(14:23 / Allies) axias50: i just got wrecked
(14:41 / Allies) axias50: we lost
(14:46 / Allies) peonrapist: no
(15:04 / Allies) axias50: how havent we
(15:10 / Allies) BottomFeeder: i quit trying after rush
(15:24 / Allies) BottomFeeder: they didnt have shit
(15:30 / Allies) axias50: thats nice
(15:40 / Allies) peonrapist: gold pink
(15:47 / Allies) peonrapist: 6k
(16:00 / Allies) peonrapist: pink has no units
(16:06 / Allies) DeathOfAMan: I have no wood and so I have no units
(16:09 / Allies) BottomFeeder: the funny thing is necs werent a problem, it was damn air
(16:09 / Allies) axias50: 6k gol
(16:13 / Allies) DeathOfAMan: wood son
(16:18 / Allies) DeathOfAMan: doubt you need it
(16:20 / Allies) DeathOfAMan: ty
(16:30 / Allies) BottomFeeder: raped by 7 griffons
(17:07 / Allies) axias50: pink
(17:12 / Allies) axias50: u do realize ur pretty bad tho right?
(17:15 / All) DeathOfAMan: forgot to change hold pos hotkey
(17:16 / Allies) DeathOfAMan: lol
(17:20 / Allies) peonrapist: he is bad
(17:26 / Allies) BottomFeeder: pink i need gold for a lumber mill so i can get u some wood
(17:31 / Allies) DeathOfAMan: i did more than you all game with my panda lawl
(17:36 / Allies) peonrapist: lawl
(17:38 / Allies) axias50: if you say so
(17:48 / Allies) BottomFeeder: without wood u might lose
(17:55 / Allies) DeathOfAMan: yeah so wood me
(17:58 / All) peonrapist: pink has 8 k
(17:59 / Allies) BottomFeeder: green can i have some gold so i can get pink some wood?
(18:00 / All) peonrapist: and sucks
(18:03 / All) DeathOfAMan: and only 37 wood
(18:05 / Allies) peonrapist: ask pink
(18:09 / Allies) BottomFeeder: pink just needs wood
(18:12 / All) peonrapist: thats your fault noob
(18:13 / Allies) DeathOfAMan: yeah
(18:15 / Allies) BottomFeeder: i asked pink he didnt listen
(18:24 / Allies) BottomFeeder: pink i need 200 gold
(18:29 / Allies) BottomFeeder: nm green gave
(18:31 / Allies) DeathOfAMan: if green apologises
(18:32 / Allies) DeathOfAMan: with red
(18:34 / Allies) DeathOfAMan: for his bad behaviour
(18:36 / Allies) axias50: lets win
(18:38 / Allies) DeathOfAMan: I will give you each 2k
(18:40 / Allies) BottomFeeder: they apologize
(18:41 / Allies) peonrapist: build
(18:45 / Allies) axias50: i so solly
(18:45 / Allies) peonrapist: so we win
(18:50 / Allies) BottomFeeder: i dont need any resources
(19:19 / Allies) axias50: yeah we lost
(19:22 / Allies) BottomFeeder: maybe red can kil lexpos
(19:29 / Allies) DeathOfAMan: we lose because you and blue got raped
(19:30 / Allies) axias50: they d'ed them
(19:37 / Allies) axias50: we lost because we got raped cuz u had shit
(19:43 / All) DeathOfAMan: why aren't you niggers hitting
(19:44 / All) DeathOfAMan: it's 4v2
(19:48 / All) DeathOfAMan: taking you so long wtf
(19:50 / Allies) peonrapist: builkd units
(19:52 / Allies) axias50: pink still has 48 food
(19:54 / Allies) axias50: and 9k gold
(20:02 / Allies) peonrapist: fuck this'
(20:11 / Allies) BottomFeeder: gren someone man
(20:12 / Allies) axias50: dont bs
(20:15 / Allies) axias50: just play it out
(20:17 / Allies) axias50: more fun that way
(20:25 / Allies) axias50: guys
(20:27 / Allies) axias50: stop....
(20:44 / All) DeathOfAMan: green trying to tk me lol
(20:50 / All) peonrapist: 9 k gold
(20:50 / All) axias50: pink has 10k gold
(20:52 / All) peonrapist: no units
(20:56 / All) axias50: green decided he was angry
(20:57 / All) DeathOfAMan: I'm not building at this point just to annoy you
(20:57 / All) axias50: gg
(21:37 / Allies) BottomFeeder: he left u can stop
(22:27 / All) DeathOfAMan: now it's time to play tower defence
(22:40 / All) DeathOfAMan: WAS THAT NIGGER AT THE TAVERN ALL GAME WTF
(22:43 / All) DeathOfAMan: forgot about him
(23:41 / All) DeathOfAMan: I am
(23:50 / All) RisusSardonicus: Share lumber yellow don't be a wood hoarder
(24:12 / All) RisusSardonicus: Yellow is a wood hoarder
(24:20 / All) DeathOfAMan: My whole team were wood hoarders
(24:33 / All) DeathOfAMan: I just took on all of your armies at once lol
(24:35 / All) str8fuknuhoesup: yes i have 400 wooooooooooowwwwwwwwww
(24:37 / All) RisusSardonicus: that's why you guys lost
(24:59 / All) str8fuknuhoesup: oh so teal is backstabbing fantrastic
(25:03 / All) DeathOfAMan: lawl
(25:07 / All) DeathOfAMan: I told my team I had no chance of losing
(25:11 / All) DeathOfAMan: they didn't believe me
(25:22 / All) str8fuknuhoesup: i will remember name teal
(25:23 / All) DeathOfAMan: Too bad blue is still here
(25:30 / All) RisusSardonicus: Fuck you wood hoarder
(25:59 / All) BottomFeeder: damn pink that was just rude
(26:19 / All) RisusSardonicus: Wood hoarders must die
(26:24 / All) BottomFeeder: i gave u wood and u kill my bm :(
(26:34 / All) DeathOfAMan: I apologise, I don't like red
(26:36 / All) DeathOfAMan: It had his colour
(26:41 / All) BottomFeeder: but red left !
(27:05 / Allies) BottomFeeder: i was killing their expos with that bm
(27:54 / Allies) BottomFeeder: shit oj coming
(28:41 / All) DeathOfAMan: that mine has 1k left
(28:42 / Allies) BottomFeeder: can i have some gold and wood to expo?
(28:56 / Allies) BottomFeeder: thnx
(29:06 / Allies) DeathOfAMan: np
(29:36 / Allies) BottomFeeder: this mine still has 5k
(29:46 / All) DeathOfAMan: that mine doesn't even have 1k purp
(30:00 / All) DeathOfAMan: oopps panda msiclick
(30:14 / All) DeathOfAMan: hate panda ult dunno how to micro it
(30:29 / All) DeathOfAMan: fuck I hate that ult lol
(30:29 / All) RisusSardonicus: yeah it's not that great other than evading TK
(30:44 / All) DeathOfAMan: if I didn't misclick I think I could have done more damage in that fight before remaxing
(30:47 / Allies) BottomFeeder: how to stop that air?
(31:00 / All) DeathOfAMan: panda ult is really gay I have no practice with it
(31:15 / All) DeathOfAMan: no way I should have lost to that army if I had fire breath and drunken haze
(31:42 / Allies) BottomFeeder: should i try to get my hero back or just feed u?
(31:52 / Allies) DeathOfAMan: get it back
(31:56 / Allies) BottomFeeder: k
(32:00 / All) DeathOfAMan: awful flame breath from you
(32:25 / Allies) BottomFeeder: they proly have shit load of expos
(32:41 / Allies) DeathOfAMan: they have no way to get money, trust me
(32:42 / Allies) DeathOfAMan: teal is on my team
(33:39 / All) DeathOfAMan: I have so much gold I'm just amoving
(33:43 / All) DeathOfAMan: any uneven trade is a good trade
(33:58 / All) RisusSardonicus: My dude has +11.5 armor
(34:07 / Allies) BottomFeeder: remaking hero but he only lvl 2
(34:27 / Allies) BottomFeeder: tp
(34:31 / All) DeathOfAMan: fucked up that flame breath
(34:34 / All) DeathOfAMan: could have gotten half your army
(34:55 / All) DeathOfAMan: my expo isn't even dead lol
(35:31 / All) lancelot17: lol teal have 19000
(35:39 / Allies) BottomFeeder: u need wood bad
(35:47 / Allies) DeathOfAMan: yeah
(35:55 / Allies) BottomFeeder: ill get more guys on wood
(36:09 / Allies) DeathOfAMan: You have been a good and faithful ally sir
(36:13 / Allies) BottomFeeder: thnx
(36:30 / Allies) BottomFeeder: fucking hipopos
(37:10 / All) DeathOfAMan: that mine has barely any gold
(37:14 / All) DeathOfAMan: wasting your armies
(37:27 / All) RisusSardonicus: Would you guys be willing to buy my Chaz Bono calendar? It's lightly used
(37:29 / Allies) BottomFeeder: fuick
(38:20 / All) DeathOfAMan: 300 gold in that mine morons
(39:00 / All) DeathOfAMan: no gold mine there anymore wow
(39:03 / All) lancelot17: thx for upgrading my herro
(39:05 / All) lancelot17: loll
(39:42 / All) RisusSardonicus: Have any of you backed Godus yet?
(40:25 / Allies) BottomFeeder: we need bottom mine now...
(41:01 / All) lancelot17: teal your hero is backed by good object
(41:07 / All) lancelot17: item *
(41:08 / All) RisusSardonicus: Ineed
(41:12 / All) RisusSardonicus: Indeed
(41:12 / Allies) BottomFeeder: do u know teal or something'
(41:15 / Allies) DeathOfAMan: yes
(41:18 / Allies) DeathOfAMan: told you earlier I thought
(41:20 / Allies) DeathOfAMan: he is our ally
(41:23 / Allies) DeathOfAMan: he is just messing with them
(41:28 / Allies) BottomFeeder: oh, i missed it
(41:36 / Allies) DeathOfAMan: dont lure them to me
(41:38 / All) RisusSardonicus: The Crown of the Kings rest upon my royal brow
(41:40 / Allies) DeathOfAMan: secret mine
(42:15 / Allies) BottomFeeder: shit mine down :(
(43:07 / Allies) BottomFeeder: they see my wood cutters
(43:55 / Allies) DeathOfAMan: it's lost bro I can't save it
(44:05 / Allies) BottomFeeder: can teal not kill them for us?
(44:12 / Allies) DeathOfAMan: he is messing with them
(44:23 / Allies) BottomFeeder: but not killing them?
(44:28 / Allies) DeathOfAMan: not yet
(44:38 / Allies) BottomFeeder: will he?
(44:41 / Allies) DeathOfAMan: yes
(45:06 / Allies) BottomFeeder: well i guess ill kill some of the smaller creeps
(45:09 / All) lancelot17: lol
(45:17 / All) DeathOfAMan: are you having as much fun as I am?
(45:30 / All) lancelot17: teal yes lol
(45:55 / All) RisusSardonicus: I sit upon my throne made up of grinded nigger baby bones and lord over my vast domains
(45:59 / All) DeathOfAMan: i got 15k what about you bro?
(46:23 / All) 420leaffan: hes got 30k but wont share any of it
(46:29 / All) lancelot17: good good
(46:50 / All) DeathOfAMan: I could easily make an army to take you out but I don't want to go over 50 food
(46:55 / All) RisusSardonicus: A King doesn't answer to the peasantry, begone with your petitions you human rubbish
(47:02 / All) BottomFeeder: teal if u buy items and drop them for me i can sell them and we can transfer gold that way
(47:14 / All) DeathOfAMan: I told him you're my friend
(47:15 / All) DeathOfAMan: He knows
(47:16 / All) RisusSardonicus: We COULD do that
(47:24 / All) DeathOfAMan: He is confused why you haven't killed your allies
(48:05 / All) 420leaffan: this is gay
(48:11 / Allies) DeathOfAMan: I guarantee you will get the win if you stay until the end
(48:12 / All) RisusSardonicus: They tried to spill my royal blood
(48:15 / Allies) DeathOfAMan: I like you
(48:17 / Allies) BottomFeeder: lol k
(48:41 / All) lancelot17: ol blue
(48:55 / All) RisusSardonicus: Treason is punishable by DEATH
(49:03 / All) BottomFeeder: i thought u were running after me, not away from something else
(49:15 / All) DeathOfAMan: NO FREEBIES BITCH
(49:25 / All) RisusSardonicus: I do sentence you to die
(49:53 / All) lancelot17: teal will lose xD
(49:58 / All) DeathOfAMan: sure he will
(50:08 / All) lancelot17: gg pink was to good
(50:11 / All) DeathOfAMan: He is 0-0 he comes out as the victor in this game no matter what
(50:19 / All) DeathOfAMan: Alright blue gets the win?
(50:21 / All) DeathOfAMan: He has been pretty cool
(50:29 / All) DeathOfAMan: Red is 63-49
(50:34 / All) DeathOfAMan: Green is 196-195
(50:42 / All) DeathOfAMan: Blue is 23-22
(50:50 / All) DeathOfAMan: Orange is 53-47
(51:00 / All) DeathOfAMan: Purple is 128-122
(51:03 / All) RisusSardonicus: Blue'll have to leave in order to win
(51:12 / All) DeathOfAMan: Nay, I say he should get it as it is
(51:14 / All) BottomFeeder: k, can i kill some creeps first?
(51:16 / All) DeathOfAMan: Your team has better records too
(52:16 / All) RisusSardonicus: Blue where are you from
(52:22 / All) BottomFeeder: tennessee
(52:23 / All) BottomFeeder: lol
(52:30 / All) BottomFeeder: memphis tennessee
(52:34 / All) RisusSardonicus: Have you met a man named Gregory Huffman?
(52:46 / All) BottomFeeder: huffman did somehting about computer science
(52:49 / All) BottomFeeder: at mit i think
(52:54 / All) RisusSardonicus: Nay
(52:56 / All) BottomFeeder: fuck
(52:59 / All) RisusSardonicus: He is a whale breeder
(53:04 / All) RisusSardonicus: He breeds with them
(53:08 / All) BottomFeeder: oooooh
(53:11 / All) BottomFeeder: no i havent
(53:11 / All) RisusSardonicus: He likes the ginger land whales
(53:26 / All) RisusSardonicus: How old are you, sir?
(53:35 / All) BottomFeeder: 25
(53:44 / All) DeathOfAMan: Blue is a bro, just give him the win
(53:57 / All) BottomFeeder: whats a troubadour?
(54:09 / All) RisusSardonicus: Blue who is your favorite country singer
(54:21 / All) BottomFeeder: um, this guy on honky tonk
(54:25 / All) BottomFeeder: i forgot his name
(54:30 / All) RisusSardonicus: Johnny Horton?
(54:31 / All) BottomFeeder: i dont think he was fameous
(54:33 / All) BottomFeeder: yes
(54:39 / All) RisusSardonicus: I'M A HONKEY TONK MAN
(54:46 / All) RisusSardonicus: AND I CAN'T SEEM TO STOP
(54:47 / All) BottomFeeder: phew
(54:52 / All) RisusSardonicus: I LIKE TO GIVE TEH GIRLS A WHIRL TO THAT OLD JUKE BOX
(54:58 / All) RisusSardonicus: BUT WHEN MY MONEY'S ALL GONE
(55:10 / All) RisusSardonicus: I'M ON THE TELEPHONE CRYING HEY HEY MAMA CAn'T YOUR DADDY COME HOME?
(55:12 / All) RisusSardonicus: Very well